[Event "*** Titled Tuesday 3|2 Blitz"]
[Site "Chess.com"]
[Date "2015.09.01"]
[Round "3"]
[White "joppie2"]
[Black "Krutoy123"]
[Result "1-0"]
[WhiteElo "2326"]
[BlackElo "2191"]
[TimeControl "180+2"]
[EndTime "11:30:59 PDT"]
[Termination "joppie2 won by resignation"]

1. e4 c5 2. Nf3 e6 3. g3 Nc6 4.
Bg2 Nf6 5. Qe2 d6 6. O-O Be7 7. c3 O-O 8. d4 cxd4 9. cxd4 d5 10. e5 Ne4 11. Nbd2 Nxd2 12. Bxd2 Bb4 13. Bxb4 Nxb4 14. h4 h6 15. Rfc1 Bd7 16. Qd2 Nc6 17. Bf1 Rc8 18. Rc3 Qb6 19. Rb3 Qc7 20. Rc1 Qb8 21. Bd3 Ne7 22. Re1 Ba4 23. Ra3 Bd7 24. Bb1 Bb5 25. Qb4 b6 26. Qxb5 Nc6 27. Qd3 g6 28. h5 Ne7 29. Nh4 Kg7 30. hxg6 f5 31.
exf6+ Rxf6 32. Qe2 Rcf8 33. Re3 Nc6 34. Rxe6 Nxd4 35.
Re7+ Kg8 36. Qd3 Rxf2 37. g7 1-0

[Event "*** Titled Tuesday 3|2 Blitz"]
[Site "Chess.com"]
[Date "2015.09.01"]
[Round "3"]
[White "Mazetovic"]
[Black "ArnaudovP"]
[Result "1-0"]
[WhiteElo "2391"]
[BlackElo "2347"]
[TimeControl "180+2"]
[EndTime "11:31:00 PDT"]
[Termination "Mazetovic won by checkmate"]

1. e4 e5 2. Nf3 Nc6 3. g3 Nf6 4. d3 g6 5. Bg2 Bg7 6. O-O O-O 7. Nc3 d6 8. h3 Nd4 9. Nxd4 exd4 10. Ne2 c5 11. f4 Re8 12. g4 Bd7 13. Ng3 Bc6 14. g5 Nd7 15. h4 c4 16. h5 cxd3 17. cxd3 Nc5 18. Rf2 Qb6 19. f5 Be5 20. Bf4 Bxf4 21. Rxf4 Qxb2 22. hxg6 hxg6 23. Rc1 Nxd3 24. Rb1 Ba4 25.
Qxd3 Qxa2 26. Rbf1 Rac8 27. fxg6 fxg6 28. Rf6 Rc2 29. Rxg6+ Kh7 30. Rh6+ Kg8 31. Qf3 Bb5 32. Rg6+ Kh7 33. Qh5# 1-0

[Event "*** Titled Tuesday 3|2 Blitz"]
[Site "Chess.com"]
[Date "2015.09.01"]
[Round "3"]
[White "Keranke"]
[Black "amazingoid"]
[Result "1-0"]
[WhiteElo "2521"]
[BlackElo "2288"]
[TimeControl "180+2"]
[EndTime "11:31:08 PDT"]
[Termination "Keranke won by resignation"]

1. d4 Nf6 2. c4 Nc6 3. Nf3 e6 4. g3 Bb4+ 5. Nbd2 O-O 6. Bg2 Ne4 7. O-O Nxd2 8. Bxd2 Bxd2 9. Qxd2 d6 10. Rfd1 Qe7 11.
d5 Ne5 12. Nxe5 dxe5 13. d6 cxd6 14. Qxd6 Qxd6 15. Rxd6 Re8 16. Rad1 Kf8 17. c5 Rb8 18. b4 Ke7 19. a4 Rf8 20. e3 Re8 21. Bf1 Rf8 22. Bb5 Rg8 23. Kg2 Rf8 24. Kf3 Rg8 25. Ke4 Kf6 26. Rd8 Rxd8 27. Rxd8 Ke7 28. Re8+ Kf6 29.
Kf3 a6 30. Bd3 g6 31. g4 Kg7 32. g5 h6 33. h4 hxg5 34. hxg5 Ra8 35. Ke4 1-0

[Event "*** Titled Tuesday 3|2 Blitz"]
[Site "Chess.com"]
[Date "2015.09.01"]
[Round "3"]
[White "VSERGUEI"]
[Black "penguingm1"]
[Result "1/2-1/2"]
[WhiteElo "2530"]
[BlackElo "2519"]
[TimeControl "180+2"]
[EndTime "11:31:09 PDT"]
[Termination "Game drawn by agreement"]

1. d4 d5 2. c4 e6 3. Nc3 Be7 4. cxd5 exd5 5. Bf4 c6 6. e3 Bf5 7. Bd3 Bxd3 8. Qxd3 Nf6 9. Nf3 O-O 10. O-O Nbd7 11. Rab1 a5 12. a3 Re8 13. h3 Bf8 14. Rfc1 Ne4 15. Qc2 Nd6 16. Nd2 g6 17. b4 axb4 18.
axb4 b5 19. Bxd6 Bxd6 20. e4 Nb6 21. exd5 Nxd5 22. Nxd5 cxd5 23. Qd3 Bf4 24. Rc2 Qd7 25. Nb3 Ra3 26. Nc5 Rxd3 27. Nxd7 Kg7 28. g3 Bd6 29.
Rc6 Bf8 30. Rb6 Rxd4 31. Rxb5 Rd2 32. Rb7 Ree2 33. Nxf8 Kxf8 34. Rf1 Rb2 35. b5 d4 36. b6 d3 37. Rd7 Rxb6 38. Rxd3 Rf6 39. Kg2 1/2-1/2

[Event "*** Titled Tuesday 3|2 Blitz"]
[Site "Chess.com"]
[Date "2015.09.01"]
[Round "3"]
[White "lukas_111111"]
[Black "Tesla37"]
[Result "0-1"]
[WhiteElo "2210"]
[BlackElo "2560"]
[TimeControl "180+2"]
[EndTime "11:31:13 PDT"]
[Termination "Tesla37 won by resignation"]

1. d4 Nf6 2. c4 d6 3. Nf3 Nbd7 4. Nc3 e5 5. e4 g6 6. Be2 c6 7. O-O Bg7 8. Be3 O-O 9. d5 c5 10. Ne1 Ne8 11. g4 Bf6 12. Qd2 Ng7 13. Bh6 Kh8 14. Ng2 Be7 15. a3 Rg8 16. b4 b6 17. Bd3 Ne8 18.
Kh1 g5 19. h4 gxh4 20. Ne3 Bg5 21. Bxg5 Qxg5 22. Qe2 Nf8 23. bxc5 bxc5 24. Qf3 Ng6 25.
Rg1 Nf4 26. Nf5 Rb8 27. Nb5 Rg6 28. Nxa7 Rb3 29. Rad1 Ba6 30. Nb5 Bxb5 31. cxb5 c4 0-1

[Event "*** Titled Tuesday 3|2 Blitz"]
[Site "Chess.com"]
[Date "2015.09.01"]
[Round "3"]
[White "ChessTrener"]
[Black "Keaton87"]
[Result "1-0"]
[WhiteElo "2534"]
[BlackElo "2416"]
[TimeControl "180+2"]
[EndTime "11:31:20 PDT"]
[Termination "ChessTrener won by resignation"]

1. d4 d5 2. Nf3 e6 3. c3 Nf6 4. Bg5 Be7 5. Nbd2 O-O 6. Bxf6 Bxf6 7. e4 dxe4 8. Nxe4 b6 9. Bd3 Bb7 10. Qe2 Nd7 11. O-O-O Qe7 12. h4 Rfd8 13. g4 g6 14. h5 c5 15. hxg6 hxg6 16. Nxf6+ Qxf6 17. Rh3 Qf4+ 18. Kb1 Bxf3 19. Rxf3 Qxg4 20. Ka1 cxd4 21. Bxg6 fxg6 22. Rf8+ Nxf8 23. Qxg4 dxc3 24. bxc3 Rxd1+ 25.
Qxd1 Rc8 26. Kb2 Rc7 27. Qd6 Rd7 28. Qf4 Rf7 29. Qg3 Rd7 30. Kb3 Rf7 31. a4 Rd7 32.
Kb4 Rf7 33. c4 Rd7 34. a5 bxa5+ 35. Kxa5 Kf7 36. c5 Ke8 37. c6 Rd1 38. Qb8+ Ke7 39.
c7 Ra1+ 40. Kb4 Rb1+ 41. Kc3 Rc1+ 42. Kd2 1-0

[Event "*** Titled Tuesday 3|2 Blitz"]
[Site "Chess.com"]
[Date "2015.09.01"]
[Round "3"]
[White "Grootneus"]
[Black "SCIM"]
[Result "1-0"]
[WhiteElo "2006"]
[BlackElo "2111"]
[TimeControl "180+2"]
[EndTime "11:31:23 PDT"]
[Termination "Grootneus won by resignation"]

1. e4 c5 2. c3 Nf6 3. e5 Nd5 4. Nf3 e6 5. Bc4 Nb6 6. Bb3 c4 7. Bc2 Nc6 8. O-O d5 9. exd6 Qxd6 10. b3 Qc7 11. Qe2 cxb3 12. axb3 Be7 13. d4 Nd5 14. c4 Nf4 15. Bxf4 Qxf4 16. Nc3 O-O 17. d5 Nd4 18. Nxd4 Qxd4 19. Nb5 Qh4 20. d6 Bf6 21. Rxa7 Rxa7 22. Nxa7 Bd7 23. Qe4 Qxe4 24. Bxe4 Be5 25.
Rd1 b6 26. Nc6 f5 27. Nxe5 1-0

[Event "*** Titled Tuesday 3|2 Blitz"]
[Site "Chess.com"]
[Date "2015.09.01"]
[Round "3"]
[White "AlexCn1"]
[Black "Bab3s"]
[Result "0-1"]
[WhiteElo "2176"]
[BlackElo "2136"]
[TimeControl "180+2"]
[EndTime "11:31:38 PDT"]
[Termination "Bab3s won by checkmate"]

1. d4 Nf6 2. c4 e6 3. Nf3 b6 4. g3 Bb7 5. Bg2 Be7 6. a3 O-O 7.
Nc3 d5 8. Qc2 c5 9. O-O Nbd7 10.
Rd1 Rc8 11. cxd5 exd5 12. Qf5 Re8 13. Bf4 g6 14. Qh3 Bf8 15. Nb5 Rxe2 16. dxc5 Bxc5 17. Ng5 Rxf2 18. Kh1 Rxb2 19. Bxd5 Bxd5+ 20. Rxd5 Rxb5 21. Rad1 h5 22. Nxf7 Qe7 23. Nd6 Rf8 24. Nxb5 Nxd5 25.
Bh6 Qe4+ 26. Qg2 Qxg2+ 27. Kxg2 Rf2+ 28. Kh3 N7f6 29. Kh4 Ng4 30. Rxd5 Be7+ 31. Bg5 Rxh2# 0-1

[Event "*** Titled Tuesday 3|2 Blitz"]
[Site "Chess.com"]
[Date "2015.09.01"]
[Round "3"]
[White "Zlatan56"]
[Black "tac49"]
[Result "1-0"]
[WhiteElo "2555"]
[BlackElo "2424"]
[TimeControl "180+2"]
[EndTime "11:31:52 PDT"]
[Termination "Zlatan56 won by resignation"]

1. Nf3 Nf6 2. g3 g6 3. Bg2 Bg7 4. O-O O-O 5. d4 d6 6. a4 a5 7.
Nc3 c6 8. e4 Bg4 9. h3 Bxf3 10.
Qxf3 e5 11. Be3 Nbd7 12. Rfd1 Qe7 13. d5 Nc5 14. Qe2 cxd5 15. Nxd5 Nxd5 16. Rxd5 b6 17. b3 Ne6 18. Bxb6 Nd4 19. Qd3 Rfc8 20. Ra2 Rc3 21. Qd1 Rac8 22. Bxa5 Rxc2 23. Rxc2 Nxc2 24. Bd2 Nd4 25.
a5 h5 26. b4 h4 27. g4 Ne6 28. a6 Nf4 29. Ra5 Qa7 30. Be3 Qa8 31. a7 1-0

[Event "*** Titled Tuesday 3|2 Blitz"]
[Site "Chess.com"]
[Date "2015.09.01"]
[Round "3"]
[White "PawelCzarnota"]
[Black "PauloCesarCosta"]
[Result "1-0"]
[WhiteElo "2438"]
[BlackElo "2019"]
[TimeControl "180+2"]
[EndTime "11:32:02 PDT"]
[Termination "PawelCzarnota won on time"]

1. e4 e6 2. d4 d5 3. Nd2 Nf6 4. e5 Nfd7 5. Bd3 c5 6. c3 Nc6 7. Ne2 Qb6 8. Nf3 cxd4 9. cxd4 f6 10. exf6 Nxf6 11. O-O Bd6 12. b3 O-O 13. Bf4 Nxd4 14. Nfxd4 e5 15. Bg3 exd4 16. Nxd4 Bg4 17. Be2 Bxe2 18.
Nxe2 Bxg3 19. hxg3 Rad8 20. Qd4 Qxd4 21. Nxd4 Rc8 22. f3 Rfe8 23. Rac1 a6 24. Kf2 g6 25. g4 h6 26. Rfd1 Kf7 27. Ne2 Rc6 28. Rxc6 bxc6 29. Rc1 Rc8 30. b4 Ke7 31. Nd4 Kd7 32. a3 Ne8 33. Re1 Nd6 34. Re6 g5 35. Rxh6 Nc4 36. Rh7+ Ke8 37. Nf5 Ra8 38. Rh8+ 1-0

[Event "*** Titled Tuesday 3|2 Blitz"]
[Site "Chess.com"]
[Date "2015.09.01"]
[Round "3"]
[White "rikyshi"]
[Black "AndrewMcStone"]
[Result "1-0"]
[WhiteElo "2116"]
[BlackElo "1943"]
[TimeControl "180+2"]
[EndTime "11:32:12 PDT"]
[Termination "rikyshi won by resignation"]

1. e4 e6 2. d4 d5 3. Nc3 Nc6 4.
Nf3 Nf6 5. e5 Ne4 6. Bd3 Bb4 7.
O-O Nxc3 8. bxc3 Bxc3 9. Rb1 Bb4 10. Ng5 Be7 11. Qg4 h5 12. Qg3 Nxd4 13. c3 Nf5 14.
Bxf5 exf5 15. Nf3 g5 16. Bxg5 h4 17. Qf4 Be6 18. Bxe7 Qxe7 19. Rxb7 h3 20. Rfb1 Kd7 21. g3 Rhg8 22. Qa4+ Kc8 23. Qa6 Kd8 24. Rb8+ 1-0

[Event "*** Titled Tuesday 3|2 Blitz"]
[Site "Chess.com"]
[Date "2015.09.01"]
[Round "3"]
[White "Dale"]
[Black "BIG_Pirate"]
[Result "0-1"]
[WhiteElo "1942"]
[BlackElo "2210"]
[TimeControl "180+2"]
[EndTime "11:32:12 PDT"]
[Termination "BIG_Pirate won by checkmate"]

1. h4 d5 2. Nc3 Nf6 3. d3 Bf5 4.
g4 Bxg4 5. Nf3 Bxf3 6. exf3 g6 7. Bh3 Bg7 8. Bg5 Nbd7 9. h5 Nxh5 10. Nxd5 Nhf6 11.
Nc3 c6 12. O-O h6 13. Be3 O-O 14. a4 Nd5 15. Ne4 Nxe3 16. fxe3 f5 17. Nf2 e5 18. e4 f4 19. c3 Nc5 20. b4 Nd7 21. Ra2 Kh7 22.
a5 c5 23. Bxd7 Qxd7 24. bxc5 Rfd8 25. Re1 Rac8 26. Kf1 Rxc5 27. Ke2 Rxc3 28. Qa1 Qd4 29. Rb1 Rd7 30. Kf1 Rdc7 31. Ra4 Qe3 32. a6 bxa6 33. Rxa6 Qxf3 34. Rxa7 Rc2 35. Rxc7 Qxf2# 0-1

[Event "*** Titled Tuesday 3|2 Blitz"]
[Site "Chess.com"]
[Date "2015.09.01"]
[Round "3"]
[White "wonderfultime"]
[Black "Fh2411"]
[Result "1-0"]
[WhiteElo "2639"]
[BlackElo "2188"]
[TimeControl "180+2"]
[EndTime "11:32:17 PDT"]
[Termination "wonderfultime won by resignation"]

1. d4 d5 2. c4 c6 3. Nc3 Nf6 4. e3 a6 5. Nf3 b5 6. b3 Bg4 7. h3 Bxf3 8. Qxf3 e6 9. Bd2 Nbd7 10.
Bd3 Be7 11. O-O O-O 12. Rac1 Qb8 13. Qe2 Rd8 14. Rfd1 h6 15. e4 b4 16. Na4 dxe4 17.
Bxe4 Nxe4 18. Qxe4 Qc7 19. Be3 Nf6 20. Qf3 Rab8 21.
Rc2 Rb7 22. Rcd2 Qa5 23. Qxc6 Rc7 24. Qf3 Rxc4 25. bxc4 Qxa4 26. d5 exd5 27. cxd5 Bd6 28. Bxh6 Nd7 29. Bf4 Nc5 30. Bxd6 Rxd6 31. Re1 Qd7 32.
Rd4 a5 33. Qh5 Na4 34. Qe5 Nc3 35. Rh4 f6 36. Qh5 1-0

[Event "*** Titled Tuesday 3|2 Blitz"]
[Site "Chess.com"]
[Date "2015.09.01"]
[Round "3"]
[White "Gabrinsky"]
[Black "Colombiano07"]
[Result "1-0"]
[WhiteElo "1968"]
[BlackElo "1980"]
[TimeControl "180+2"]
[EndTime "11:32:29 PDT"]
[Termination "Gabrinsky won by resignation"]

1. e4 c5 2. Nc3 g6 3. f4 Bg7 4. Nf3 Nc6 5. Bb5 Nd4 6. O-O Nxb5 7. Nxb5 d5 8. exd5 a6 9. Nc3 Nf6 10. d4 c4 11. Ne5 Nxd5 12. Nxc4 O-O 13. Ne5 Be6 14.
Nxd5 Bxd5 15. c3 b5 16. Qe2 Qd6 17. Re1 Bxe5 18. dxe5 Qc6 19. Be3 e6 20. a3 Bb3 21. Bd4 Rfd8 22. Qe3 Rd7 23. Rf1 Rad8 24. Rae1 Qc4 25. Rf3 a5 26. Rh3 b4 27. axb4 axb4 28. Re2 bxc3 29. bxc3 Ra8 30. Re1 Ra2 31. f5 Qc6 32.
Rg3 Bd5 33. f6 Qc8 34. Bc5 h6 35. Bb4 Kh7 36. Re2 Rda7 37. Rh3 h5 38. Rxh5+ gxh5 39. Qg5 Ra1+ 40. Kf2 Rf1+ 41. Kxf1 Bxg2+ 42. Kf2 1-0

[Event "*** Titled Tuesday 3|2 Blitz"]
[Site "Chess.com"]
[Date "2015.09.01"]
[Round "3"]
[White "stefanodinn"]
[Black "motivated_bishop"]
[Result "1-0"]
[WhiteElo "2119"]
[BlackElo "2004"]
[TimeControl "180+2"]
[EndTime "11:32:44 PDT"]
[Termination "stefanodinn won by resignation"]

1. e4 e5 2. Nf3 Nc6 3. Bc4 Bc5 4.
c3 Nf6 5. d3 a6 6. Bb3 Ba7 7.
O-O O-O 8. h3 d5 9. Qe2 dxe4 10.
dxe4 Qe7 11. Nbd2 Nh5 12. Qd1 Be6 13. Bxe6 Qxe6 14. Re1 Rad8 15. Qb3 Qg6 16. Nf1 b5 17. a4 Rd3 18. N1h2 Rfd8 19. axb5 axb5 20. Qxb5 Rd1 21. Be3 Bxe3 22. Raxd1 Rxd1 23. Rxd1 Bb6 24. Qxc6 Nf6 25. Rd8+ 1-0

[Event "*** Titled Tuesday 3|2 Blitz"]
[Site "Chess.com"]
[Date "2015.09.01"]
[Round "3"]
[White "Iball95"]
[Black "dretch"]
[Result "0-1"]
[WhiteElo "2340"]
[BlackElo "2638"]
[TimeControl "180+2"]
[EndTime "11:32:47 PDT"]
[Termination "dretch won by checkmate"]

1. e4 e6 2. d4 d5 3. Nd2 c5 4.
Ngf3 cxd4 5. Nxd4 Nf6 6. exd5 Nxd5 7. N2f3 Be7 8. Bd3 O-O 9. O-O b6 10. c3 Bb7 11. Qe2 Nd7 12. Bd2 Qc7 13. Rad1 Nc5 14. Bb1 Rad8 15. Ne5 Bf6 16. Rfe1 Ba6 17. c4 Bxe5 18.
Qxe5 Qxe5 19. Rxe5 Bxc4 20. Nc6 Rd6 21. Nd4 Rfd8 22. b3 Bd3 23. Bg5 f6 24. Bxd3 fxe5 25.
Bxd8 exd4 26. Bg5 Nc3 27. Rd2 Nxd3 28. Rxd3 Nxa2 29. Bd2 e5 30. Kf1 Kf7 31. Rf3+ Ke6 32.
Rh3 h6 33. Rg3 Rd7 34. Ke2 Kd5 35. h4 a5 36. Rf3 Rc7 37. Kd1 Nc3+ 38. Bxc3 Rxc3 39.
Rf7 Rxb3 40. Rxg7 a4 41. g4 a3 42. Ra7 b5 43. g5 hxg5 44. hxg5 b4 45. g6 Rb1+ 46. Kc2 Rb2+ 47. Kd3 e4# 0-1

[Event "*** Titled Tuesday 3|2 Blitz"]
[Site "Chess.com"]
[Date "2015.09.01"]
[Round "3"]
[White "Mugzyyy"]
[Black "arnacman"]
[Result "0-1"]
[WhiteElo "2564"]
[BlackElo "2248"]
[TimeControl "180+2"]
[EndTime "11:33:14 PDT"]
[Termination "arnacman won by checkmate"]

1. d4 d5 2. c4 c6 3. Nf3 Nf6 4. Nc3 a6 5. c5 Nbd7 6. h3 Qc7 7.
g4 g6 8. g5 Ne4 9. Nxe4 dxe4 10. Nd2 e3 11. Nf3 exf2+ 12. Kxf2 Bg7 13. h4 O-O 14. b4 a5 15. Bd2 axb4 16. Bxb4 e5 17. e3 exd4 18. exd4 b6 19. cxb6 Qxb6 20. Bxf8 Nxf8 21.
Bh3 Ne6 22. Bxe6 Bxe6 23. Qd2 Bd5 24. a4 Qb3 25. Qe3 Qc2+ 26. Kg3 Rb8 27. Rhc1 Qf5 28.
a5 Bf8 29. a6 Bd6+ 30. Ne5 h5 31. gxh6 Bxe5+ 32. dxe5 Rb4 33. h7+ Kxh7 34. Rh1 Rg4+ 35. Kh2 Rg2# 0-1

[Event "*** Titled Tuesday 3|2 Blitz"]
[Site "Chess.com"]
[Date "2015.09.01"]
[Round "3"]
[White "enen0315"]
[Black "ilmago"]
[Result "1-0"]
[WhiteElo "1903"]
[BlackElo "1829"]
[TimeControl "180+2"]
[EndTime "11:33:34 PDT"]
[Termination "enen0315 won by resignation"]

1. d4 Nf6 2. c4 g6 3. Nc3 Bg7 4. e4 d6 5. Be2 O-O 6. Nf3 e5 7. O-O Nc6 8. d5 Ne7 9. b4 a5 10. Ba3 axb4 11. Bxb4 b6 12. a4 Nh5 13. Re1 Nf4 14.
Bf1 f5 15. a5 bxa5 16. Bxa5 fxe4 17. Nxe4 Bg4 18. Ned2 Nf5 19. Qc2 e4 20. Qxe4 Bxa1 21. Rxa1 Nh6 22. Bc3 Rxa1 23. Bxa1 Qe8 24. Qd4 Qe7 25.
Qh8+ Kf7 26. Qxh7+ Ke8 27. Qxh6 Ne2+ 28. Bxe2 Qxe2 29.
Qxg6+ Kd8 30. Bf6+ Rxf6 31. Qxf6+ Kc8 32. h3 Qd1+ 33. Kh2 Bxf3 34. Nxf3 Qc2 35. Qf4 Qxf2 36. h4 Qb2 37. h5 Qg7 38. h6 Qg6 39. Nh4 Qh5 40.
Qf5+ 1-0

[Event "*** Titled Tuesday 3|2 Blitz"]
[Site "Chess.com"]
[Date "2015.09.01"]
[Round "3"]
[White "jup1978"]
[Black "myaccount88"]
[Result "1-0"]
[WhiteElo "2159"]
[BlackElo "2143"]
[TimeControl "180+2"]
[EndTime "11:33:34 PDT"]
[Termination "jup1978 won by checkmate"]

1. e4 c5 2. Nf3 e6 3. c3 d5 4. exd5 exd5 5. d4 Nf6 6. Bb5+ Bd7 7. Bxd7+ Nbxd7 8. O-O Be7 9. Re1 O-O 10. dxc5 Nxc5 11. Nbd2 Nd3 12. Re2 Nf4 13. Re1 Bd6 14. Nb3 h6 15. Nbd4 Rc8 16. Nf5 Ne6 17. N3d4 Nxd4 18. Qxd4 Rc4 19. Qd3 Rg4 20. h3 Rg6 21. Bd2 Ne4 22.
Nxd6 Qxd6 23. Rad1 Rd8 24. Be3 b6 25. Bd4 Qd7 26.
Qf3 Re8 27. Re3 f5 28. Qf4 Rf8 29. Rde1 Rf7 30. f3 Ng5 31. Re8+ Kh7 32. Kh2 Ne6 33. R8xe6 Rxe6 34. Re5 Rxe5 35. Bxe5 Qe6 36. Qd4 Qg6 37.
f4 Qe6 38. a4 Rf8 39. Bxg7 Rg8 40. Be5 Qg6 41. Qf2 Rc8 42. Qd2 Rc4 43. Qxd5 Qg8 44. Qd7+ Kg6 45. Qd6+ Kh7 46. Qe7+ Kg6 47. Qf6+ Kh7 48.
Qxf5+ Qg6 49. Qd7+ Kg8 50. Qd8+ Kh7 51. Qh8# 1-0

[Event "*** Titled Tuesday 3|2 Blitz"]
[Site "Chess.com"]
[Date "2015.09.01"]
[Round "3"]
[White "gmsakk"]
[Black "nightmaresknight"]
[Result "0-1"]
[WhiteElo "2384"]
[BlackElo "2327"]
[TimeControl "180+2"]
[EndTime "11:33:45 PDT"]
[Termination "nightmaresknight won by resignation"]

1. d4 d5 2. c4 dxc4 3. Nf3 Nf6 4. Qa4+ Nc6 5. e3 Bd7 6. Qxc4 e6 7. Be2 Bd6 8. O-O O-O 9. Nc3 e5 10. d5 Ne7 11. e4 a6 12. Rd1 h6 13. Nh4 g5 14. Nf3 Ng6 15. g3 Qe7 16. a3 Kh7 17. b4 Rg8 18. Be3 Nf4 19. Rd2 Ng4 20. Bf1 Qf6 21. Ne1 h5 22. Kh1 Nxe3 23. fxe3 Ng6 24. Kg1 h4 25. Rf2 Qg7 26. Bg2 Raf8 27. Qf1 hxg3 28.
hxg3 Qh6 29. Bf3 Nh4 30. gxh4 g4 31. Bg2 Qxh4 32. Rf5 Bxf5 33. Qxf5+ Rg6 34. Ne2 Kg7 35. Kf1 Rf6 36. Nd3 Rxf5+ 37. exf5 e4 38. Bxe4 Re8 39.
Nc3 Qh2 40. Nf2 g3 41. Ng4 Qh3+ 0-1

[Event "*** Titled Tuesday 3|2 Blitz"]
[Site "Chess.com"]
[Date "2015.09.01"]
[Round "3"]
[White "ChadaevNikolay"]
[Black "facu57"]
[Result "0-1"]
[WhiteElo "2584"]
[BlackElo "2449"]
[TimeControl "180+2"]
[EndTime "11:33:50 PDT"]
[Termination "facu57 won by resignation"]

1. d4 Nf6 2. Bf4 e6 3. e3 c5 4. c3 b6 5. Nf3 Be7 6. h3 O-O 7. Bd3 Ba6 8. Bxa6 Nxa6 9. O-O d6 10. Nbd2 Nc7 11. Re1 Re8 12. Qe2 Qd7 13. e4 cxd4 14. cxd4 Rac8 15. Be3 d5 16. e5 Ne4 17. Nxe4 dxe4 18. Nd2 Bb4 19. Nxe4 Bxe1 20. Rxe1 Nd5 21. Nd6 Rc7 22. Nxe8 Qxe8 23. Rc1 Rxc1+ 24. Bxc1 Qa4 25. Be3 Nxe3 26. fxe3 Qxa2 27. Qc2 h6 28. e4 Qa5 29. Kf2 Qb4 30. Ke3 Qe1+ 31. Kd3 Qg3+ 32. Kc4 Qe3 33. b4 b5+ 34. Kc5 g5 35. Kxb5 Qxd4 36. Qc5 Qd3+ 37.
Kc6 Qxe4+ 38. Kc7 Kg7 39. b5 Qd5 40. Qc6 Qxe5+ 41. Kb7 Qd4 42. Qa6 Qc5 43. Qc6 Qe7+ 44. Ka6 h5 45. g4 h4 46. Qc3+ e5 47. Qe3 e4 48. Qd4+ Qf6+ 49. Qxf6+ Kxf6 50. Kxa7 e3 51. b6 e2 52. b7 e1=Q 53. b8=Q Qa1+ 0-1

[Event "*** Titled Tuesday 3|2 Blitz"]
[Site "Chess.com"]
[Date "2015.09.01"]
[Round "3"]
[White "MbMaster"]
[Black "Fawolizzo"]
[Result "0-1"]
[WhiteElo "2117"]
[BlackElo "1977"]
[TimeControl "180+2"]
[EndTime "11:33:52 PDT"]
[Termination "Fawolizzo won by resignation"]

1. e4 c5 2. Nf3 d6 3. Bb5+ Bd7 4. Bxd7+ Qxd7 5. c4 Nc6 6. d4 cxd4 7. Nxd4 g6 8.
b3 Bg7 9. Bb2 Nf6 10. Nc3 Nxd4 11. Qxd4 O-O 12. O-O a6 13. a4 Ng4 14. Qd2 Rac8 15. h3 Ne5 16. Nd5 Qd8 17. a5 Rc6 18.
f4 Nd7 19. Bxg7 Kxg7 20. f5 Nf6 21. Nxf6 exf6 22. Qd4 Re8 23. Rf4 Re5 24. Raf1 g5 25.
R4f3 Qxa5 26. Kh1 Qc5 27. Qd3 b5 28. cxb5 Qxb5 29. Qd4 a5 30. h4 Qc5 31. Qd2 h6 32.
hxg5 hxg5 33. Qe2 Rc8 34. Rh3 Rh8 35. Rxh8 Kxh8 36. Rf3 Kg7 37. Rh3 Qc1+ 38. Kh2 Qf4+ 39. g3 Rxe4 40. gxf4 Rxe2+ 41. Kg3 Re3+ 42. Kg4 Re4 43.
Rf3 Kf8 44. Kh5 Rxf4 45. Rxf4 gxf4 46. Kg4 d5 47. Kxf4 Ke7 48. Ke3 Kd6 49. Kd4 Kc6 50. Kd3 Kc5 51. Kc3 d4+ 0-1

[Event "*** Titled Tuesday 3|2 Blitz"]
[Site "Chess.com"]
[Date "2015.09.01"]
[Round "3"]
[White "MattyDPerrine"]
[Black "HansCoolNiemann"]
[Result "1/2-1/2"]
[WhiteElo "2254"]
[BlackElo "2038"]
[TimeControl "180+2"]
[EndTime "11:33:53 PDT"]
[Termination "Game drawn by agreement"]

1. d4 Nf6 2. c4 g6 3. Nf3 Bg7 4. g3 O-O 5. Bg2 d5 6. O-O dxc4 7. Na3 c3 8. bxc3 c5 9. Nc4 Nc6 10. Rb1 Be6 11. Nce5 Nxe5 12. Nxe5 cxd4 13. cxd4 Bxa2 14.
Rxb7 Bd5 15. Nc6 Bxc6 16. Bxc6 Qc8 17. Qa4 Qe6 18. e3 Rfc8 19. Bg2 a5 20. Ba3 Bf8 21. Rfb1 Ra6 22. R7b5 Qc4 23. Qxc4 Rxc4 24. Bb7 Re6 25.
Rxa5 Rc2 26. Bf3 Bh6 27. Rc5 Ra2 28. Rc8+ Kg7 29. Bc5 Rc2 30. Rc7 Bxe3 31. fxe3 Rxe3 32.
Rf1 Rd3 33. Rxe7 Rdd2 34. Ree1 Rxh2 35. Be7 Nh5 36. Rc1 Rcd2 37. Rcd1 Nxg3 38. Rxd2 Rxd2 39. Rf2 Rxd4 40. Kg2 Nf5 41. Ba3 Rd8 42. Bb2+ f6 43. Be4 Ne3+ 44. Kf3 Nc4 45. Bc3 Kf7 46. Ra2 Ne5+ 47.
Ke3 Rd7 48. Bxe5 fxe5 49. Ra6 1/2-1/2

[Event "*** Titled Tuesday 3|2 Blitz"]
[Site "Chess.com"]
[Date "2015.09.01"]
[Round "3"]
[White "SidArun"]
[Black "Tal-Baronfew"]
[Result "0-1"]
[WhiteElo "1894"]
[BlackElo "2780"]
[TimeControl "180+2"]
[EndTime "11:34:06 PDT"]
[Termination "Tal-Baronfew won by resignation"]

1. e4 e5 2. f4 exf4 3. Nf3 Ne7 4. d4 d5 5. Nc3 dxe4 6. Nxe4 Nd5 7. Bc4 Be7 8. O-O O-O 9. Ne5 Be6 10. Bxf4 Nxf4 11. Rxf4 Bxc4 12. Nxc4 Qd5 13. Ne3 Qb5 14. b3 Nc6 15. c4 Qa5 16. Nd5 Rae8 17. Qd3 Nb4 18. Nxb4 Bxb4 19. a3 Be7 20. c5 c6 21. b4 Qc7 22.
Raf1 Rd8 23. Qf3 f6 24. Qg4 Qd7 25. Qxd7 Rxd7 26. Ng3 Rfd8 27. Nf5 Bf8 28. Rd1 g6 29. Ne3 Bh6 30. Re4 Rxd4 31. Rdxd4 Rxd4 32. Ng4 Rd1+ 33. Kf2 Bg7 34. Re8+ Kf7 35. Rb8 Rd7 36. Ne3 f5 37. Nc4 Ke6 38. Na5 b6 39. cxb6 Bd4+ 40. Kf3 Bxb6 41.
Nxc6 Rd3+ 42. Ke2 Re3+ 43. Kd2 Rxa3 44. Rh8 h5 45. Rg8 Ra2+ 46. Kc3 Rxg2 47. h4 Rg4 48.
Rg7 Kd6 49. b5 a6 50. Rb7 Bc5 51. bxa6 Kxc6 0-1

[Event "*** Titled Tuesday 3|2 Blitz"]
[Site "Chess.com"]
[Date "2015.09.01"]
[Round "3"]
[White "Tobi-Wan-Kenobi"]
[Black "Penguininja"]
[Result "1-0"]
[WhiteElo "2405"]
[BlackElo "2131"]
[TimeControl "180+2"]
[EndTime "11:34:14 PDT"]
[Termination "Tobi-Wan-Kenobi won by checkmate"]

1. e4 e5 2. Nf3 Nc6 3. Bb5 f5 4. Nc3 fxe4 5. Nxe4 Nf6 6. Nxf6+ Qxf6 7. Qe2 Be7 8. Bxc6 bxc6 9. Nxe5 Qe6 10. Nf3 Qxe2+ 11. Kxe2 d6 12. d3 Bg4 13. h3 Bh5 14. g4 Bg6 15.
Bg5 O-O 16. Bxe7 Rae8 17. Rhe1 Rxe7+ 18. Kf1 Ref7 19. Nd4 Rxf2+ 20. Kg1 Rd2 21. Re2 Rxe2 22. Nxe2 c5 23. Rf1 Rb8 24. b3 Re8 25. Nc3 c6 26.
Kg2 d5 27. Rf2 Re3 28. Rf3 Re7 29. Na4 c4 30. Nc5 cxd3 31. cxd3 Re2+ 32. Rf2 Re3 33. Rd2 Bf7 34. h4 d4 35. h5 Bd5+ 36. Kh2 h6 37.
Na6 Bf3 38. Kg3 Be2+ 39. Kf4 Bxd3 40. Nc5 Be2 41. Rxd4 Re7 42. Re4 Rf7+ 43. Kg3 Bb5 44. Re8+ Kh7 45. Ne6 c5 46. Rb8 Bc6 47. Nf8+ Kg8 48.
Ng6+ Kh7 49. Rh8# 1-0

[Event "*** Titled Tuesday 3|2 Blitz"]
[Site "Chess.com"]
[Date "2015.09.01"]
[Round "3"]
[White "DanielNaroditsky"]
[Black "pKiLz5Rn9b"]
[Result "1-0"]
[WhiteElo "2515"]
[BlackElo "2426"]
[TimeControl "180+2"]
[EndTime "11:34:15 PDT"]
[Termination "DanielNaroditsky won by checkmate"]

1. d4 e6 2. c4 Nf6 3. Nc3 Bb4 4. f3 d5 5. a3 Bxc3+ 6. bxc3 c5 7. cxd5 Nxd5 8.
dxc5 Qa5 9. e4 Nf6 10. Be3 Nfd7 11. Kf2 O-O 12. Qb3 Qc7 13. Qb4 Nc6 14. Qc4 Nce5 15. Qd4 Nc6 16. Qd6 Qa5 17. Ne2 Nde5 18. Qd1 Nc4 19.
Bc1 Qxc5+ 20. Nd4 e5 21. Bxc4 Qxc4 22. Nxc6 Qxc6 23. Qd5 Qxc3 24. Bd2 Qd4+ 25. Qxd4 exd4 26. Rhc1 Be6 27. Rc7 Rfc8 28. Rac1 b5 29. Ba5 Bc4 30. Rd7 d3 31. Ke3 Re8 32. a4 a6 33. Rd6 Rec8 34. axb5 axb5 35. Bc3 Ra2 36. Bd2 Rc2 37. Ra1 h5 38. f4 b4 39. Ra7 b3 40. Rb7 Ra8 41. f5 Raa2 42. Rd8+ Kh7 43. Rbb8 g5 44. Rh8+ Kg7 45.
Rbg8+ Kf6 46. Bb4 Re2+ 47. Kd4 d2 48. Rh6# 1-0